 Dungeon Crawl Stone Soup version 0.30-a0-953-g5f1da4a474 (webtiles) character file.

Game seed: 12614677010055928054

153 MachoJfn the Grave Robber (level 5, -3/35 HPs)
             Began as a Mummy Necromancer on Mar 28, 2023.
             Killed by divine providence
             ... invoked by an orc priest
              (12 damage)
             ... on level 3 of the Dungeon.
             The game lasted 00:10:56 (2233 turns).

MachoJfn the Grave Robber (Mummy Necromancer)       Turns: 2233, Time: 00:10:57

Health: -3/35      AC:  2    Str: 12    XL:     5   Next: 12%
Magic:  10/11      EV: 12    Int: 16    God:
Gold:   173        SH:  0    Dex: 12    Spells: 12/13 levels left

rFire   x . .      SeeInvis .    b - +0 spear
rCold   + . .      Faith    +    (no shield)
rNeg    + + +      Spirit   .    a - +0 robe
rPois   ∞          Reflect  .    (no helmet)
rElec   .          Rampage  .    (no cloak)
rCorr   .                        (no gloves)
Will    .....                    (no boots)
Stlth   ++                       (no amulet)
HPRegen 0.25/turn                (no ring)
MPRegen 0.12/turn                (no ring)

@: no status effects
A: cold resistance 1, negative energy resistance 3, torment resistance 2, heat
vulnerability 1, in touch with death 1, no potions, faith
a: no special abilities


You were on level 3 of the Dungeon.
You visited 1 branch of the dungeon, and saw 3 of its levels.

You collected 173 gold pieces.

Inventory:

Hand Weapons
 b - a +0 spear (weapon)
 e - the +0 arbalest "Hoss" {penet, rPois Str-5 Dex+3}
   (You found it on level 3 of the Dungeon)

   Str:       It affects your strength (-5).
   Dex:       It affects your dexterity (+3).
   rPois:     It protects you from poison.
Armour
 a - a +0 robe (worn)
Scrolls
 d - a scroll of fear
 f - a scroll of fog


   Skills:
 + Level 0.1 Fighting
 + Level 0.6 Ranged Weapons
 + Level 1.7 Dodging
 + Level 1.6 Stealth
 + Level 0.1 Unarmed Combat
 + Level 4.5 Spellcasting
 + Level 5.3 Necromancy


You had 12 spell levels left.
You knew the following spells:

 Your Spells              Type           Power      Damage    Failure   Level
a - Necrotise             Necr           100%       1d9       1%          1

Your spell library contained the following spells:

 Spells                   Type           Power      Damage    Failure   Level
 Vampiric Draining        Necr           31%        2d8       5%          3
 Sting                    Tmut/Pois      12%        1d3       16%         1
 Animate Dead             Necr           31%        N/A       19%         4
 Poisonous Vapours        Pois/Air       6%         N/A       24%         2
 Agony                    Necr           31%        N/A       45%         5
 Olgreb's Toxic Radiance  Pois           3%         N/A       85%         4


Dungeon Overview and Level Annotations

Branches:
Dungeon (3/15)

Altars:
Fedhas

Annotations:
D:3 relicbr's ghost, amateur SpDe


Innate Abilities, Weirdness & Mutations

You are immune to poison.
Your flesh is cold resistant. (rC+)
You are immune to negative energy. (rN+++)
You are immune to unholy pain and torment.
You are vulnerable to heat. (rF-)
You are in touch with the powers of death.
You do not drink.
You have a special connection with the divine. (Faith)


Message History

You shoot a bolt. The bolt barely misses the orc priest.
Cornered, the orc turns to fight!
Fire: e) +0 arbalest "Hoss" {penet, rPois Str-5 Dex+3}
Press: ? - help, Shift-Dir - straight line, f/p - orc priest
Aim: an orc priest, wielding a +0 short sword and wearing a +0 leather armour (fleeing, 50% to hit)
You shoot a bolt. The bolt barely misses the orc priest.
Fire: e) +0 arbalest "Hoss" {penet, rPois Str-5 Dex+3}
Press: ? - help, Shift-Dir - straight line, f - orc, p - orc priest
Aim: an orc, wielding a +0 whip and wearing a +0 chain mail (59% to hit)
You shoot a bolt.
The bolt pierces through the orc but does no damage.
The orc hits you with a +0 whip.
Cornered, the orc priest turns to fight!
The orc barely misses you.
Unknown command.
b - a +0 spear (weapon)
The orc hits you with a +0 whip.
The orc priest hits you but does no damage.
Reach: b) +0 spear
Press: ? - help, Dir - move target, f - orc priest, p - orc
Aim: an orc priest, wielding a +0 short sword and wearing a +0 leather armour (about 41% to evade your +0 spear)
You hit the orc priest.
The orc priest is lightly wounded.
The orc hits you with a +0 whip. The orc priest misses you.
Reach: b) +0 spear
Press: ? - help, Dir - move target, f/p - orc priest
Aim: an orc priest, wielding a +0 short sword and wearing a +0 leather armour (lightly wounded, about 41% to evade your +0 spear)
You closely miss the orc priest.
The orc priest is lightly wounded.
The orc hits you with a +0 whip. The orc priest misses you.
Reach: b) +0 spear
Press: ? - help, Dir - move target, f/p - orc priest
Aim: an orc priest, wielding a +0 short sword and wearing a +0 leather armour (lightly wounded, about 41% to evade your +0 spear)
You barely miss the orc priest.
The orc priest is lightly wounded.
The orc hits you with a +0 whip.
* * * LOW HITPOINT WARNING * * *
The orc priest invokes the aid of Beogh against you.
Beogh smites you!
You die...

#.#........ #.#.......
#.......( ....... ..... ...
###)### ##.o@..#
#########....o.#
#...(.(.##.[...# #
#((.....#..#+### ##+#.....
#..[.(..##.#.########........
#..(....#...........+........
#(....8.####.......##........
###'''###.....####.##........
#...W...#####.# #.##........


You could see an orc priest and an orc.

Vanquished Creatures
  2 orc priests (D:3)
  4 adders
  A worm (D:3)
  2 dart slugs (D:1)
  2 orcs (D:3)
  5 bats
  4 giant cockroaches
  3 goblins
  3 hobgoblins
  2 jackals (D:1)
  A quokka (D:2)
  7 ball pythons
  2 kobolds (D:3)
  4 rats
42 creatures vanquished.

Vanquished Creatures (collateral kills)
  A worm (D:2)
  A ball python (D:1)
  A kobold (D:2)
  A quokka (D:2)
  A frilled lizard (D:3)
  A rat (D:2)
6 creatures vanquished.

Grand Total: 48 creatures vanquished

Notes
Turn   | Place    | Note
-------+----------+-------------------------------------------
     0 | D:1      | MachoJfn the Mummy Necromancer began the quest for the Orb.
     0 | D:1      | Reached XP level 1. HP: 13/13 MP: 4/4
    82 | D:1      | Reached XP level 2. HP: 5/19 MP: 0/5
   934 | D:2      | Gained mutation: You are in touch with the powers of death.
                  | [Mummy growth]
   934 | D:2      | Reached XP level 3. HP: 22/24 MP: 1/7
  1278 | D:2      | Reached skill level 5 in Necromancy
  1278 | D:2      | Reached XP level 4. HP: 30/30 MP: 6/9
  1811 | D:3      | Found a blossoming altar of Fedhas.
  1907 | D:3      | Identified the +0 arbalest "Hoss" {penet, rPois Str-5
                  | Dex+3}
  1989 | D:3      | Found a runed translucent gate.
  1989 | D:3      | Found a runed translucent gate.
  1990 | D:3      | Found a runed translucent gate.
  1996 | D:3      | Noticed relicbr's ghost (amateur SpDe)
  2005 | D:3      | Found a faded altar of an unknown god.
  2057 | D:3      | Reached XP level 5. HP: 21/35 MP: 11/11
  2233 | D:3      | Killed from afar by an orc priest

Illustrated notes

Levels and vault maps discovered:
D:1:      wander_arrival_estate, layout_rooms, st_stairs_2
D:2:      wander_river, layout_basic, nicolae_kite_square_tiling_tiny
D:3:      layout_basic, mainiacjoe_overflow_brackets,
          chequers_ecumenical_altar_island, ebering_ghost_rock_garden

Skill      XL: |  1  2  3  4 |
---------------+-------------+-----
Spellcasting   | 3 4 |  4.5
Necromancy     | 5 |  5.3
Fighting       | |  0.1
Ranged Weapons | |  0.6
Dodging        | |  1.7
Stealth        | |  1.6
Unarmed Combat | |  0.1

Action                     |  1- 3 |  4- 6 || total
---------------------------+-------+-------++-------
  Melee: Unarmed           |     6 |       ||     6
         Spear             |    14 |     3 ||    17
   Fire: Arbalest          |       |    29 ||    29
   Cast: Necrotise         |    55 |    12 ||    67
    Use: Scroll            |     3 |     3 ||     6
 Armour: Robe              |     5 |     7 ||    12
  Dodge: Dodged            |    21 |    22 ||    43

Table legend: (Time is in decaauts)
 A = Elapsed time spent in this place.
 B = Non-inter-level travel time spent in this place.
 C = Inter-level travel time spent in this place.
 D = Time resting spent in this place.
 E = Time spent auto-exploring this place.
 F = Levels seen in this place.
 G = Mean time per level.
                   A        B        C        D        E       F      G
               +--------+--------+--------+--------+--------+-----+--------+
         Total |   2293 |   1945 |    348 |    226 |   1382 |   3 |  764.3 |
       Dungeon |   2293 |   1945 |    348 |    226 |   1382 |   3 |  764.3 |
               +--------+--------+--------+--------+--------+-----+--------+

Top non-repeatable levels by time:
     D:1: 913 daAuts
     D:2: 856 daAuts
     D:3: 523 daAuts
